 Dungeon Crawl Stone Soup version 0.31.0-4-g52a2dc7128 (webtiles) character file.

Game seed: 17782415012718658853

411248 SnakkuSnakku7 the Ruinous (level 21, 0/172 (181) HPs)
             Began as a Demonspawn Alchemist on Jan 21, 2024.
             Was an Elder of Jiyva.
             Slain by an Orb Guardian (19 damage)
             ... on level 1 of the Realm of Zot.
             The game lasted 01:54:36 (32871 turns).

SnakkuSnakku7 the Ruinous (Demonspawn Alchemist)   Turns: 32871, Time: 01:54:36

HP:   0/172 (181)   AC: 29    Str: 16    XL:     21   Next: 96%
MP:   35/38         EV: 19    Int: 30    God:    Jiyva [****..]
Gold: 1566          SH:  7    Dex: 11    Spells: 3/44 levels left

rFire   + + .        a - staff "Diown" {*Slow rF+ rN+ Int+2 Fire}
rCold   . . .        m - +2 buckler {AC+3}
rNeg    + . .        v - +5 ring mail "Cooxi" {Will++ Stlth+}
rPois   +            (helmet unavailable)
rElec   .            b - +4 dragonskin cloak
rCorr   +            I - +1 pair of gloves "Ipeefup" {^Drain +Inv rF+ Will++}
SInv    +            H - +2 pair of boots {Fly}
Will    +++++        d - amulet of regeneration
Stlth   +            p - ring of magical power
HPRegen 2.56/turn    F - +5 ring of evasion
MPRegen 0.90/turn

%: slow self (1%), clarity
@: slimy, flying, slowed, lightly drained, very slow
A: antennae 3, foul stench 2, robust 1, sharp scales 3, demonic magic 3, hooves
1, clarity, clever 1, deformed body, low MP 2, sense surroundings 1, poison
resistance, shaggy fur 1, strong 2, acidic bite, gelatinous body 1, pseudopods
1, translucent skin 1, evolution 2, inability to read after injury 1, MP-powered
wands, engulf
0: Orb of Zot
}: 3/15 runes: decaying, serpentine, slimy
a: Renounce Religion, Evoke Invisibility, Oozemancy, Slimify


You were on level 1 of the Realm of Zot.
You worshipped Jiyva.
Jiyva was greatly pleased with you.
You visited 8 branches of the dungeon, and saw 44 of its levels.

You collected 3001 gold pieces.
You spent 1435 gold pieces at shops.

Inventory:

Armour
 b - the +4 dragonskin cloak (worn)
   (You found it on level 1 of the Realm of Zot)

   Avatar's Aegis: It grants the wearer a chance to resist fire, cold, poison,
   electricity, acid, and negative energy.
 m - a +2 buckler of protection (worn)
 t - +4 swamp dragon scales
 v - the +5 ring mail "Cooxi" (worn) {Will++ Stlth+}
   (You found it on level 3 of the Dungeon)

   Will++:    It greatly increases your willpower.
   Stlth+:    It makes you more stealthy.
 H - a +2 pair of boots of flying (worn)
 I - the +1 pair of gloves "Ipeefup" (worn) {^Drain +Inv rF+ Will++}
   (You found it on level 10 of the Dungeon)

   rF+:       It protects you from fire.
   Will++:    It greatly increases your willpower.
   +Inv:      It lets you turn invisible.
   ^Drain:    It drains your maximum health when unequipped.
 K - +0 fire dragon scales
Magical Staves
 a - the staff "Diown" (weapon) {*Slow rF+ rN+ Int+2 Fire}
   (You took it off a tengu conjurer on level 3 of the Depths)

   [staff of fire]

   Base accuracy: +5 Base damage: 5 Base attack delay: 1.2 This weapon's minimum
   attack delay (0.6) is reached at skill level 12.
   Int+2:     It affects your intelligence (+2).
   rF+:       It protects you from fire.
   rN+:       It protects you from negative energy.
   *Slow:     It may slow you when you take damage.
   Fire:      It increases the power of your Fire spells.
   It falls into the 'Staves' category.
   It is a one-handed weapon.
 k - a staff of cold
 o - a staff of conjuration
 A - a staff of earth
Jewellery
 c - a ring of wizardry
 d - an amulet of regeneration (around neck)
 e - the ring of Equilibrium {*Corrode Fly rPois Str+5 Slay+4}
   (You acquired it on level 2 of the Orcish Mines)

   [ring of slaying]

   Str+5:     It affects your strength (+5).
   Slay+4:    It affects your accuracy & damage with ranged weapons and melee
   (+4).
   rPois:     It protects you from poison Fly: It grants you flight.
   *Corrode:  It may corrode you when you take damage.
 p - a ring of magical power (left hand)
 x - the amulet of the Hairy God {Reflect rN+ SH+5 SInv Stlth+}
   (You found it on level 2 of the Depths)

   [amulet of reflection]

   Reflect:   It reflects blocked missile attacks.
   rN+:       It protects you from negative energy.
   SInv:      It lets you see invisible.
   SH+5:      It affects your SH (+5).
   Stlth+:    It makes you more stealthy.
 z - a ring of flight
 F - a +5 ring of evasion (right hand)
 M - a ring of willpower
Talismans
 E - a granite talisman
Wands
 i - a wand of flame (23)
 s - a wand of roots (5)
 B - a wand of mindburst (13)
 D - a wand of polymorph (32)
 G - a wand of paralysis (31)
Scrolls
 f - 2 scrolls of amnesia
 g - 8 scrolls of teleportation
 h - 2 scrolls of revelation
 j - 3 scrolls of poison
 n - 4 scrolls of identify
 q - 2 scrolls of torment
 w - 2 scrolls of fear
 y - a scroll of immolation
 J - 4 scrolls of fog
 R - a scroll of silence
 V - a scroll of summoning
Potions
 l - a potion of berserk rage
 r - 6 potions of might
 u - 14 potions of curing
 C - a potion of heal wounds
 L - 5 potions of mutation
 N - 3 potions of invisibility
 O - a potion of lignification
 T - 3 potions of brilliance
 U - 4 potions of enlightenment
Miscellaneous
 P - a phial of floods


   Skills:
 - Level 14.0 Fighting
 - Level 9.8 Armour
 - Level 8.0 Dodging
 - Level 1.7 Stealth
 - Level 7.9 Shields
 - Level 12.0 Spellcasting
 + Level 22.3 Conjurations
 - Level 13.0 Fire Magic
 - Level 11.3 Air Magic
 - Level 14.0 Earth Magic
 - Level 9.0 Alchemy


You had 3 spell levels left.
You knew the following spells:

 Your Spells              Type           Power      Damage    Failure   Level
a - Bombard               Conj/Erth      45%        9d8       1%          6
b - Orb of Destruction    Conj           50%        9d13      1%          7
c - Arcjolt               Conj/Air       43%        1d53      1%          5
d - Plasma Beam           Fire/Air       47%        2x1d61    6%          6
e - Starburst             Conj/Fire      55%        6d15      1%          6
f - Borgnjor's Vile Clut  Necr/Erth      28%        N/A       9%          5
g - Mercury Vapours       Alch/Air       100%       N/A       1%          2
z - Olgreb's Toxic Radia  Alch           64%        N/A       1%          4

Your spell library contained the following spells:

 Spells                   Type           Power      Damage    Failure   Level
 Magic Dart               Conj           100%       1d8       0%          1
 Sting                    Conj/Alch      100%       1d9       0%          1
 Searing Ray              Conj           100%       2d8       0%          2
 Stone Arrow              Conj/Erth      100%       3d13      0%          3
 Sandblast                Erth           100%       2d20      1%          1
 Momentum Strike          Conj/Tloc      100%       3d10      1%          2
 Dazzling Flash           Conj/Hex       100%       N/A       1%          3
 Mephitic Cloud           Conj/Alch/Air  80%        N/A       1%          3
 Passwall                 Erth           80%        N/A       1%          3
 Volatile Blastmotes      Fire/Tloc      100%       2d18      1%          3
 Summon Small Mammal      Summ           72%        N/A       6%          1
 Blink                    Tloc           36%        N/A       9%          2
 Call Imp                 Summ           36%        N/A       9%          2
 Lesser Beckoning         Tloc           36%        N/A       9%          2
 Sublimation of Blood     Necr           18%        N/A       9%          2
 Call Canine Familiar     Summ           18%        N/A       17%         3
 Gell's Gravitas          Tloc           18%        N/A       17%         3
 Teleport Other           Tloc           18%        N/A       17%         3
 Iskenderun's Battlesphe  Conj           100%       2d15      0%          5
 Brom's Barrelling Bould  Conj/Erth      91%        2d10      1%          4
 Fulminant Prism          Conj/Alch      42%        3d19      1%          4
 Petrify                  Alch/Erth      72%        N/A       1%          4
 Sticky Flame             Fire/Alch      90%        2d14      1%          4
 Fireball                 Conj/Fire      55%        3d21      1%          5
 Irradiate                Conj/Alch      42%        3d25      1%          5
 Conjure Ball Lightning   Conj/Air       43%        3x3d15    1%          6
 Summon Blazeheart Golem  Fire/Summ      71%        N/A       4%          4
 Alistair's Intoxication  Alch           42%        N/A       4%          5
 Vhi's Electric Charge    Tloc/Air       100%       N/A       6%          4
 Eringya's Noxious Bog    Alch           32%        4d6       22%         6
 Spellforged Servitor     Conj/Summ      35%        N/A       45%         7
 Anguish                  Hex/Necr       9%         N/A       50%         4
 Animate Dead             Necr           18%        N/A       50%         4
 Maxwell's Capacitive Co  Air            36%        ∞         98%         8
 Death Channel            Necr           9%         N/A       100%        6
 Summon Hydra             Summ           9%         N/A       100%        7
 Dragon's Call            Summ           9%         N/A       100%        9


Dungeon Overview and Level Annotations

Branches:
Dungeon (15/15)            Temple (0/1) D:5            Lair (5/5) D:9
  Swamp (4/4) Lair:2        Snake (4/4) Lair:3        Slime (5/5) Lair:5
    Orc (2/2) D:10            Elf (0/3) Orc:2        Vaults (0/5) D:13
 Depths (4/4) D:15            Zot (5/5) Depths:4

Altars:
Cheibriados
Dithmenos
Gozag
Hepliaklqana
Kikubaaqudgha
Makhleb
Nemelex Xobeh
Okawaru
Ru
Trog
Uskayaw
Vehumet
Wu Jian
Xom
Yredelemnul
Jiyva

Shops:
D:1 :   D:10 (   D:12 (   Orc:1 *   Orc:2 (??:   Snake:1 :!?:   Depths:3 *

Portals:
Hell: Lair:5 Depths:1 Depths:2
Abyss: Depths:3
Pandemonium: Depths:2
Ziggurat: Depths:1
Trove: D:10 (give 15 potions of curing)

Annotations:
D:5 1 runed translucent door, Cheops's ghost, novice FoFi
D:10 1 runed translucent door, exclusion: 4 orange crystal statues
Lair:3 1 runed translucent door
Slime:4 Dissolution
Slime:5 Royal Jelly
Zot:5 1 transporter


Innate Abilities, Weirdness & Mutations

You have a pair of large antennae on your head. (SInv)
You sometimes emit foul miasma when damaged in melee.
You are robust. (+10% HP)
You are completely covered in razor-sharp scales. (AC +3, Slay +3)
Spells you cast and wands you use may paralyse nearby enemies.
You have large cloven feet.
You possess an exceptional clarity of mind.
Your mind is acute. (Int +4, Str/Dex -1)
Armour fits poorly on your strangely shaped body.
Your magical capacity is very low. (-20% MP)
You passively map a small area around you.
Your system is resistant to poisons. (rPois)
You are covered in fur. (AC +1)
Your muscles are very strong. (Str +8, Int/Dex -2)
You have acidic saliva.
Your rubbery body absorbs attacks. (AC +1, EV +1)
Armour fits poorly on your pseudopods.
Your translucent skin slightly reduces your foes' accuracy. (Stealth+)
You have great hidden genetic potential.
You occasionally lose the ability to read scrolls when taking damage.
You expend magic power (3 MP) to strengthen your wands.
Your melee attacks may engulf your foes in ooze.


Message History

The hell hog breathes fire at you.
The fireball explodes!
The fireball engulfs you. You resist.
Jiyva says: Divide and consume!
A demonspawn corrupter comes into view. It is wielding a +0 glaive.
The Orb Guardian attacks as it pursues you!
The Orb Guardian closely misses you.
A shadow demon comes into view.
The Orb Guardian hits you!
The demonspawn corrupter hits you from afar with a +0 glaive!
The shadow demon hits you but does no damage.
The Orb Guardian attacks as it pursues you!
The Orb Guardian hits you.
The shadow demon gestures.
The demonspawn corrupter invokes the aid of Lugonu against you.
The death cob hits you!
The Orb Guardian attacks as it pursues you!
The Orb Guardian hits you!! The death cob barely misses you.
The moth of wrath goads the Orb Guardian on!
The Orb Guardian goes berserk!
The demonspawn corrupter invokes the aid of Lugonu against you.
The shadow demon misses you.
Okay, then.
A thick mucus forms on the staff "Diown" {*Slow rF+ rN+ Int+2 Fire}.
You will no longer expel jellies when injured.
The Orb Guardian hits you!! The death cob barely misses you.
You block the Orb Guardian's attack. The death cob hits you!
The death cob drains your vigour!
You feel yourself slow down. You block the death cob's attack.
The Orb Guardian hits you!!!
* * * LOW HITPOINT WARNING * * *
The demonspawn corrupter hits you but does no damage.
The demonspawn corrupter kicks you but does no damage.
Unknown command.
You miss the Orb Guardian. Your bite misses the Orb Guardian.
You bludgeon the Orb Guardian.
The Orb Guardian is lightly wounded.
The death cob completely misses you. The Orb Guardian hits you!!
* * * LOW HITPOINT WARNING * * *
The death cob hits you but does no damage.
The Orb Guardian hits you!!
You die...

#.....#..#....#....#.##.
#...).#..##...##.X.#.###
#....######..###.2###...
##....#####....##..####..
#......##...2..#.....##..
#......##..2...#......##.
######....###.h.##.#.###..##.
##...##....##Xh####.## ##..###
#....##...##.@6y.##.#..#....##
##........##..z.....#........#
##...............8..#..8......
#.........#..##....##....###..
#.....J.....############# #..
#.........#.)[.#)..# #...###..
###########.))...∩.# #.⌠......
#.......)# #.......#
########## #########


You could see a demonspawn corrupter, a death cob (summoned), a hell beast, an
Orb Guardian (berserk), 2 hell hogs, a shadow demon, a moth of wrath (summoned)
and a neutral jelly (wandering) (fellow slime).

Vanquished Creatures
  A dread lich (Depths:4)
  3 orbs of fire (Zot:5)
  An ancient lich (Zot:1)
  Mara (Swamp:3)
  A juggernaut (Depths:3)
  2 curse toes
  A Killer Klown (Zot:5)
  Nikola (Swamp:2)
  5 golden dragons
  A bone dragon (Depths:4)
  2 electric golems (Zot:5)
  The ghost of Xutext the Spry, an adept DsAK of Lugonu (Depths:2)
  11 tentacled monstrosities
  A walking earthen tome (Depths:3)
  20 Orb Guardians (Zot:5)
  Asterion (Depths:2)
  4 liches
  2 deep elf blademasters (Depths:2)
  A walking divine tome (Depths:3)
  8 quicksilver dragons
  3 sphinxes (Depths:3)
  A death cob (Zot:3)
  5 shadow dragons
  A tengu reaver (Depths:3)
  2 thorn hunters
  8 storm dragons
  4 draconian shifters
  7 nagarajas (Snake:4)
  6 draconian monks
  4 fire giants
  4 draconian knights
  2 fenstrider witches (Swamp:1)
  3 frost giants
  4 draconian scorchers
  2 spectral juggernauts (Depths:2)
  A balrug (Depths:2)
  4 juggernaut zombies (Depths:2)
  10 very ugly things
  An iron dragon (Depths:3)
  3 spriggan defenders
  2 ghost moths
  4 draconian stormcallers
  Nessos (Orc:2)
  2 draconian annihilators
  5 eleionomae
  5 black draconians
  A vampire knight (Depths:2)
  10 stone giants
  4 green draconians
  4 bunyips
  7 purple draconians
  2 spark wasps (Depths:3)
  3 spectral titans (Depths:2)
  7 red draconians
  7 white draconians
  7 yellow draconians
  13 ettins
  A merfolk javelineer (Depths:4)
  5 fire dragons
  Josephine (D:12)
  3 shambling mangroves
  2 rakshasas
  6 vault guards (D:13)
  30 hydras
  5 ice dragons
  Erolcha (D:13)
  2 ogre magi
  7 spriggan air magi
  Erica (Orc:1)
  3 ghost crabs
  8 anacondas
  A catoblepas (D:14)
  8 alligators
  A death knight (D:15)
  2 boulder beetles
  6 centaur warriors
  2 two-headed ogres (D:11)
  6 deep troll shamans
  A tengu warrior (Depths:1)
  An orc high priest (Orc:1)
  6 deep troll earth magi
  A spectral stone giant (Depths:2)
  Urug (D:13)
  14 naga warriors
  9 naga sharpshooters
  6 spriggan berserkers
  4 shock serpents
  2 occultists (Depths:3)
  A sun demon (Depths:2)
  3 soul eaters
  6 hell knights
  Nergalle (Lair:3)
  3 skeletal warriors (D:14)
  A salamander mystic (Depths:3)
  A skyshark (Lair:5)
  8 goliath frogs
  9 sea snakes (Snake:4)
  An iron troll (Depths:2)
  2 sixfirhies
  2 flayed ghosts (Depths:3)
  13 deep trolls
  2 arcanists
  16 mana vipers
  11 bog bodies
  7 spriggan druids
  An obsidian statue (Zot:5)
  7 swamp dragons
  2 mana vipers (shapeshifter)
  7 naga ritualists
  A lindwurm (Lair:1)
  2 deep elf pyromancers
  6 necromancers
  21 ugly things
  A faun (shapeshifter) (D:14)
  10 orc sorcerers (Orc:2)
  4 will-o-the-wisps
  5 manticores
  9 salamanders
  14 moths of wrath
  2 stone giant zombies (Depths:2)
  8 cyclopes
  An elephant (shapeshifter) (Depths:1)
  A meliai (shapeshifter) (D:14)
  2 smoke demons
  17 elephants
  39 black mambas
  2 titan simulacra (Depths:2)
  8 guardian serpents
  15 cane toads
  3 orange demons (Lair:5)
  6 kobold blastminers (Orc:1)
  A gargoyle (D:10)
  8 rime drakes
  8 naga magi
  7 komodo dragons
  An efreet (D:14)
  2 tormentors (Depths:2)
  5 freezing wraiths
  2 tengu conjurers (Depths:3)
  2 red devils (Lair:5)
  9 trolls
  3 bloated husks
  2 polar bears
  A hellwing (Lair:5)
  14 hornets
  A hornet (shapeshifter) (D:14)
  5 tyrant leeches
  Prince Ribbit (D:9)
  22 blink frogs
  6 dream sheep (Lair:5)
  2 stone giant simulacra (Depths:2)
  A vampire (D:13)
  A shadow (D:11)
  Sigmund (D:5)
  6 wraiths
  51 yaks
  14 spriggans
  4 water elementals
  9 wyverns
  8 basilisks
  7 humans
  A warg (Orc:1)
  11 vampire mosquitoes
  A steam dragon (D:10)
  35 nagas
  15 swamp worms
  4 hell hounds (Lair:5)
  2 acid dragons
  13 water moccasins
  3 sky beasts
  18 orc warriors
  8 swamp drakes
  3 ice beasts
  A laughing skull (D:14)
  A black bear (D:5)
  10 wolves
  12 ogres
  6 centaurs
  3 phantoms
  A kobold brigand (D:10)
  11 bullfrogs
  3 earth elementals (Swamp:3)
  3 scorpions
  8 wights
  A water moccasin skeleton (D:4)
  6 killer bees
  A howler monkey (D:12)
  5 electric eels (Lair:3)
  2 bombardier beetles
  2 jellies
  A hound (D:4)
  23 orc priests
  A sleepcap (D:4)
  A gnoll bouda (D:6)
  3 scorpion zombies (D:4)
  31 orc wizards
  4 hound zombies (D:4)
  A hound skeleton (D:4)
  A howler monkey zombie (D:4)
  A howler monkey skeleton (D:4)
  4 gnolls (D:6)
  5 adders
  A shadow imp (D:6)
  2 white imps
  2 ufetubi (D:5)
  An adder zombie (D:4)
  2 adder skeletons (D:4)
  3 dart slugs
  2 ribbon worms
  83 orcs
  10 ball pythons
  4 endoplasms (D:1)
  13 giant cockroaches
  3 hobgoblins
  13 kobolds
  2 quokkas
  4 bats
  5 frilled lizards
  11 goblins
  A quokka skeleton (D:4)
  6 rats
1292 creatures vanquished.

Vanquished Creatures (collateral kills)
  Roxanne (Swamp:3)
  2 frost giants
  A bunyip (Swamp:2)
  An ice dragon (Depths:3)
  A two-headed ogre (D:10)
  An orc knight (Orc:1)
  An orc sorcerer (Orc:2)
  A komodo dragon (Lair:1)
  2 wargs (Orc:1)
  A water moccasin (Lair:1)
  2 ogres (Orc:2)
  A wolf (Lair:1)
  An orc priest (D:8)
  An orc wizard (Orc:2)
17 creatures vanquished.

Vanquished Creatures (others)
  3 acid blobs
  A titan (Depths:3)
  A draconian monk (Zot:1)
  A spriggan defender (Depths:3)
  A stone giant (Depths:3)
  A purple draconian (Depths:4)
  A spark wasp (Depths:3)
  A fire dragon (Depths:3)
  An alligator (Swamp:3)
  A spriggan air mage (Depths:3)
  An ice dragon (Depths:4)
  A two-headed ogre (shapeshifter) (Depths:3)
  A deep troll earth mage (Depths:3)
  3 glowing orange brains
  An ugly thing (Depths:2)
  A black mamba (Snake:2)
  A torpor snail (shapeshifter) (Depths:4)
  2 naga magi (Snake:4)
  A rime drake (Lair:2)
  2 bloated husks (Swamp:3)
  3 glass eyes (Depths:3)
  2 slime creatures
  A shadow (D:13)
  A water moccasin (D:7)
  An orc warrior (D:6)
  A swamp drake (Swamp:4)
  An ogre (D:4)
  A wolf (Lair:1)
  A bullfrog (D:6)
  A scorpion (D:6)
  157 jellies
  3 wights (D:7)
  A water moccasin skeleton (D:4)
  A killer bee (D:9)
  3 howler monkeys (D:9)
  An electric eel (Lair:3)
  A bombardier beetle (D:4)
  3 orc priests
  An iguana (D:6)
  A sleepcap (D:6)
  A scorpion zombie (D:4)
  11 orc wizards
  2 adders (D:2)
  A white imp (D:6)
  A dart slug (D:4)
  16 orcs
  A ball python (D:4)
  2 endoplasms (D:4)
  9 goblins (D:4)
  2 hobgoblins
  A kobold (D:4)
  16 foxfires
274 creatures vanquished.

Grand Total: 1583 creatures vanquished

Notes
Turn   | Place    | Note
-------+----------+-------------------------------------------
     0 | D:1      | SnakkuSnakku7 the Demonspawn Alchemist began the quest for
                  | the Orb.
     0 | D:1      | Reached XP level 1. HP: 13/13 MP: 3/3
   204 | D:1      | Gained mutation: You are partially covered in razor-sharp
                  | scales. (AC +1, Slay +1) [demonic ancestry]
   204 | D:1      | Reached XP level 2. HP: 11/19 MP: 0/5
   362 | D:1      | Learned a level 2 spell: Mercury Vapours
   623 | D:1      | Found Xenoleb's Book Shoppe.
   733 | D:1      | Reached XP level 3. HP: 19/24 MP: 0/6
  1256 | D:2      | Found a faded altar of an unknown god.
  1269 | D:2      | Prayed at the altar of an unknown god.
  1269 | D:2      | Became a worshipper of Jiyva Jyampil the Shapeless
  1269 | D:2      | Reached * piety under Jiyva
  1375 | D:2      | Found a shimmering altar of Xom.
  1810 | D:3      | Reached ** piety under Jiyva
  1865 | D:3      | Reached XP level 4. HP: 30/30 MP: 7/7
  2032 | D:3      | Learned a level 4 spell: Olgreb's Toxic Radiance
  2056 | D:3      | Reached skill level 5 in Alchemy
  2095 | D:3      | Identified the +5 ring mail "Cooxi" {Will++ Stlth+}
  2186 | D:3      | Identified the +0 leather armour "Zemak" {Will+ Dex+3}
  2248 | D:3      | Found an ornate altar of the Wu Jian Council.
  2427 | D:4      | Reached *** piety under Jiyva
  2434 | D:4      | Noticed a scorpion
  2444 | D:4      | Killed a scorpion
  2445 | D:4      | Reached XP level 5. HP: 32/35 MP: 6/8
  2525 | D:4      | Reached XP level 6. HP: 41/41 MP: 9/9
  2590 | D:4      | Gained mutation: You have a pair of small antennae on your
                  | head. [Jiyva's grace]
  2590 | D:4      | Gained mutation: You have a pair of antennae on your head.
                  | [Jiyva's grace]
  2590 | D:4      | Gained mutation: You have a pair of large antennae on your
                  | head. (SInv) [Jiyva's grace]
  2590 | D:4      | Gained mutation: Your mind is acute. (Int +4, Str/Dex -1)
                  | [Jiyva's grace]
  2873 | D:4      | Mutation became permanent: You have a pair of antennae on
                  | your head. [demonic ancestry]
  2873 | D:4      | Gained mutation: You have a pair of large antennae on your
                  | head. (SInv) [demonic ancestry]
  2873 | D:4      | Reached XP level 7. HP: 41/46 MP: 10/10
  3198 | D:5      | Entered Level 5 of the Dungeon
  3232 | D:5      | Reached **** piety under Jiyva
  3298 | D:5      | Noticed Sigmund
  3313 | D:5      | Killed Sigmund
  3319 | D:5      | Mutation became permanent: You have a pair of antennae on
                  | your head. [demonic ancestry]
  3319 | D:5      | Gained mutation: You have a pair of large antennae on your
                  | head. (SInv) [demonic ancestry]
  3319 | D:5      | Reached XP level 8. HP: 52/52 MP: 9/14
  3416 | D:5      | Reached skill level 5 in Spellcasting
  3622 | D:5      | Found a staircase to the Ecumenical Temple.
  3770 | D:5      | Found a runed translucent door.
  3770 | D:5      | Noticed Cheops's ghost (novice FoFi)
  3938 | D:6      | Reached skill level 1 in Fighting
  3944 | D:6      | Found a shadowy altar of Dithmenos.
  3967 | D:6      | Reached skill level 1 in Air Magic
  4046 | D:6      | Mutation became permanent: You have a pair of antennae on
                  | your head. [demonic ancestry]
  4046 | D:6      | Gained mutation: You have a pair of large antennae on your
                  | head. (SInv) [demonic ancestry]
  4046 | D:6      | Reached XP level 9. HP: 59/59 MP: 19/19
  4250 | D:6      | Reached ***** piety under Jiyva
  4587 | D:7      | Lost mutation: Your mind is acute. (Int +4, Str/Dex -1)
                  | [Jiyva's grace]
  4587 | D:7      | Gained mutation: You are somewhat resistant to further
                  | mutation. [Jiyva's grace]
  4587 | D:7      | Gained mutation: You are somewhat resistant to both further
                  | mutation and mutation removal. [Jiyva's grace]
  4587 | D:7      | Gained mutation: You are almost entirely resistant to
                  | further mutation and mutation removal. [Jiyva's grace]
  4587 | D:7      | Gained mutation: You expend magic power (3 MP) to
                  | strengthen your wands. [Jiyva's grace]
  4694 | D:7      | Reached skill level 5 in Air Magic
  5577 | D:8      | Reached ****** piety under Jiyva
  5619 | D:8      | Reached XP level 10. HP: 44/65 MP: 17/20
  5653 | D:8      | Lost mutation: You are almost entirely resistant to further
                  | mutation and mutation removal. [Jiyva's grace]
  5653 | D:8      | Gained mutation: You are covered in slimy tendrils that may
                  | disarm your opponents. [Jiyva's grace]
  5653 | D:8      | Gained mutation: Your system is resistant to poisons.
                  | (rPois) [Jiyva's grace]
  5653 | D:8      | Gained mutation: You are covered in fur. (AC +1) [Jiyva's
                  | grace]
  5653 | D:8      | Gained mutation: You are covered in thick fur. (AC +2)
                  | [Jiyva's grace]
  6407 | D:9      | Found the +7 staff of the Meek {protect, meekguard}
  6431 | D:9      | Noticed Prince Ribbit
  6441 | D:9      | Killed Prince Ribbit
  6555 | D:9      | Reached skill level 10 in Air Magic
  6609 | D:9      | Found a staircase to the Lair.
  6660 | D:9      | Found an opulent altar of Gozag.
  6662 | D:9      | Found a snail-covered altar of Cheibriados.
  6668 | D:9      | Found a bloodstained altar of Trog.
  6669 | D:9      | Found a basalt altar of Yredelemnul.
  6671 | D:9      | Found a radiant altar of Vehumet.
  6671 | D:9      | Found a hazy altar of Hepliaklqana.
  6677 | D:9      | Found a sparkling altar of Nemelex Xobeh.
  6678 | D:9      | Found a sacrificial altar of Ru.
  6951 | D:10     | Entered Level 10 of the Dungeon
  6954 | D:10     | Found a runed translucent door.
  6960 | D:10     | Found the +10 tower shield of Ignorance {rN+ Int-4}
  7029 | D:10     | Found an iron altar of Okawaru.
  7102 | D:10     | Found an ancient bone altar of Kikubaaqudgha.
  7159 | D:10     | Reached skill level 2 in Conjurations
  7170 | D:10     | Noticed a gargoyle
  7175 | D:10     | Killed a gargoyle
  7176 | D:10     | Reached skill level 3 in Conjurations
  7193 | D:10     | Noticed a two-headed ogre
  7202 | D:10     | Killed a two-headed ogre
  7203 | D:10     | Reached skill level 4 in Conjurations
  7255 | D:10     | Found Zoucw's Antique Weapon Shop.
  7389 | D:10     | Found a portal to a secret trove of treasure.
  7539 | D:10     | Found a runed translucent door.
  7593 | D:10     | Noticed an orange crystal statue
  7623 | D:10     | Identified the +1 pair of gloves "Ipeefup" {^Drain +Inv rF+
                  | Will++}
  7658 | D:10     | Found a staircase to the Orcish Mines.
  7674 | D:10     | Reached skill level 5 in Conjurations
  7677 | D:10     | Reached XP level 11. HP: 68/70 MP: 21/21
  7861 | Orc:1    | Entered Level 1 of the Orcish Mines
  7871 | Orc:1    | Reached skill level 6 in Conjurations
  7896 | Orc:1    | Found Yweheru's General Store.
  7999 | Orc:1    | Reached skill level 7 in Conjurations
  8020 | Orc:1    | Bought a scroll of fog for 56 gold pieces
  8057 | Orc:1    | Noticed an ettin
  8065 | Orc:1    | Noticed an orc high priest
  8071 | Orc:1    | Killed an ettin
  8072 | Orc:1    | Reached skill level 8 in Conjurations
  8075 | Orc:1    | Killed an orc high priest
  8076 | Orc:1    | Lost mutation: You are somewhat resistant to both further
                  | mutation and mutation removal. [Jiyva's grace]
  8076 | Orc:1    | Lost mutation: You are covered in thick fur. (AC +2)
                  | [Jiyva's grace]
  8076 | Orc:1    | Lost mutation: You are covered in slimy tendrils that may
                  | disarm your opponents. [Jiyva's grace]
  8076 | Orc:1    | Lost mutation: You expend magic power (3 MP) to strengthen
                  | your wands. [Jiyva's grace]
  8076 | Orc:1    | Gained mutation: Your translucent skin slightly reduces
                  | your foes' accuracy. (Stealth+) [Jiyva's grace]
  8076 | Orc:1    | Gained mutation: Your translucent skin reduces your foes'
                  | accuracy. (Stealth+) [Jiyva's grace]
  8076 | Orc:1    | Gained mutation: Your transparent skin significantly
                  | reduces your foes' accuracy. (Stealth+) [Jiyva's grace]
  8076 | Orc:1    | Gained mutation: Your mind is acute. (Int +4, Str/Dex -1)
                  | [Jiyva's grace]
  8153 | Orc:1    | Reached skill level 9 in Conjurations
  8220 | Orc:1    | Noticed an orc warlord
  8238 | Orc:1    | Slimified an orc warlord
  8238 | Orc:1    | an orc warlord changed into an acid blob
  8238 | Orc:1    | Noticed an acid blob
  8239 | Orc:1    | Noticed an orc knight
  8253 | Orc:1    | Killed an orc knight
  8254 | Orc:1    | Reached skill level 10 in Conjurations
  8278 | Orc:1    | Noticed Erica
  8289 | Orc:1    | Killed Erica
  8452 | Orc:1    | Learned a level 5 spell: Arcjolt
  8459 | Orc:1    | Learned a level 6 spell: Plasma Beam
  8475 | Orc:2    | Entered Level 2 of the Orcish Mines
  8477 | Orc:2    | Noticed Nessos
  8493 | Orc:2    | Killed Nessos
  8561 | Orc:2    | Gained mutation: Spells you cast may paralyse adjacent
                  | enemies. [demonic ancestry]
  8561 | Orc:2    | Reached XP level 12. HP: 70/77 MP: 20/22
  8655 | Orc:2    | Found a staircase to the Elven Halls.
  8888 | Orc:2    | Reached skill level 5 in Fire Magic
  8944 | Orc:2    | Found a radiant altar of Vehumet.
  8945 | Orc:2    | Noticed an ogre mage
  8953 | Orc:2    | Killed an ogre mage
  8978 | Orc:2    | Found an ancient bone altar of Kikubaaqudgha.
  9008 | Orc:2    | Found Heplista's Antique Weapon Boutique.
  9019 | Orc:2    | Found Qeaxoush's Magic Scroll Boutique.
  9025 | Orc:2    | Found Ykhun's Book Shop.
  9032 | Orc:2    | Bought a scroll of identify for 26 gold pieces
  9032 | Orc:2    | Bought a scroll of teleportation for 39 gold pieces
  9032 | Orc:2    | Bought a scroll of identify for 26 gold pieces
  9055 | Orc:2    | Bought a glowing eveningstar for 594 gold pieces
  9079 | Orc:2    | Found Iciufuots's Magic Scroll Shop.
  9087 | Orc:2    | Bought a scroll of blinking for 97 gold pieces
  9093 | Orc:2    | Identified 3 scrolls of acquirement
  9096 | Orc:2    | Acquired the ring of Equilibrium {*Corrode Fly rPois Str+5
                  | Slay+4}
  9098 | Orc:2    | Acquired a book of Power
  9100 | Orc:2    | Acquired a staff of conjuration
  9110 | Orc:2    | Learned a level 6 spell: Bombard
  9467 | Lair:1   | Entered Level 1 of the Lair of Beasts
  9477 | Lair:1   | Reached skill level 1 in Earth Magic
  9644 | Lair:1   | Reached skill level 5 in Earth Magic
  9802 | Lair:1   | Reached XP level 13. HP: 89/89 MP: 23/23
  9820 | Lair:1   | Found an ornate altar of the Wu Jian Council.
  9831 | Lair:1   | Found a hide-covered altar of Uskayaw.
 10578 | Lair:2   | Lost mutation: Your mind is acute. (Int +4, Str/Dex -1)
                  | [Jiyva's grace]
 10578 | Lair:2   | Lost mutation: Your transparent skin significantly reduces
                  | your foes' accuracy. (Stealth+) [Jiyva's grace]
 10578 | Lair:2   | Lost mutation: Your translucent skin reduces your foes'
                  | accuracy. (Stealth+) [Jiyva's grace]
 10578 | Lair:2   | Gained mutation: Your melee attacks may engulf your foes in
                  | ooze. [Jiyva's grace]
 10578 | Lair:2   | Gained mutation: You expend magic power (3 MP) to
                  | strengthen your wands. [Jiyva's grace]
 10578 | Lair:2   | Gained mutation: You passively map a small area around you.
                  | [Jiyva's grace]
 10578 | Lair:2   | Gained mutation: You passively map the area around you.
                  | [Jiyva's grace]
 10657 | Lair:2   | Found a staircase to the Swamp.
 10804 | Lair:2   | Reached skill level 10 in Earth Magic
 11488 | Lair:3   | Noticed Nergalle
 11503 | Lair:3   | Killed Nergalle
 11565 | Lair:3   | Found a staircase to the Snake Pit.
 11696 | Lair:3   | Reached skill level 11 in Conjurations
 12171 | Lair:3   | Found a runed translucent door.
 12187 | Lair:3   | Noticed a reaper
 12197 | Lair:3   | Lost mutation: You are covered in fur. (AC +1) [Jiyva's
                  | grace]
 12197 | Lair:3   | Lost mutation: Your translucent skin slightly reduces your
                  | foes' accuracy. (Stealth+) [Jiyva's grace]
 12197 | Lair:3   | Gained mutation: Armour fits poorly on your pseudopods.
                  | [Jiyva's grace]
 12197 | Lair:3   | Gained mutation: Armour fits poorly on your large
                  | pseudopods. [Jiyva's grace]
 12197 | Lair:3   | Gained mutation: Armour fits poorly on your massive
                  | pseudopods. [Jiyva's grace]
 12197 | Lair:3   | Gained mutation: You are covered in slimy tendrils that may
                  | disarm your opponents. [Jiyva's grace]
 12288 | Lair:4   | Reached skill level 12 in Conjurations
 12290 | Lair:4   | Gained mutation: You are mostly covered in razor-sharp
                  | scales. (AC +2, Slay +2) [demonic ancestry]
 12290 | Lair:4   | Reached XP level 14. HP: 40/96 MP: 12/24
 12705 | Lair:4   | Identified the +0 ring mail of the Thinker {rF+ rC- Str+4
                  | Int+4}
 13182 | Lair:5   | Entered Level 5 of the Lair of Beasts
 13197 | Lair:5   | Reached skill level 13 in Conjurations
 13254 | Lair:5   | Found a viscous altar of Jiyva.
 13255 | Lair:5   | Found a staircase to the Slime Pits.
 13561 | Lair:5   | Reached skill level 14 in Conjurations
 13566 | Lair:5   | Identified the +2 plate armour "Ler Cat" {Harm}
 13609 | Lair:5   | Reached skill level 5 in Fighting
 13779 | Lair:5   | Found a burning altar of Makhleb.
 13860 | Lair:5   | Found a gateway to Hell.
 14070 | Slime:1  | Entered Level 1 of the Pits of Slime
 14082 | Slime:2  | Noticed a rockslime
 14095 | Slime:3  | Noticed a rockslime
 14098 | Slime:3  | Noticed a quicksilver ooze
 14103 | Slime:4  | Noticed Dissolution
 14103 | Slime:4  | Noticed a quicksilver ooze
 14117 | Slime:5  | Entered Level 5 of the Pits of Slime
 14122 | Slime:5  | Noticed an acid blob
 14127 | Slime:5  | Noticed a quicksilver ooze
 14128 | Slime:5  | Noticed an azure jelly
 14130 | Slime:5  | Noticed an acid blob
 14130 | Slime:5  | Noticed an acid blob
 14130 | Slime:5  | Noticed the Royal Jelly
 14134 | Slime:5  | Noticed an acid blob
 14137 | Slime:5  | Identified the +6 quarterstaff "Ufudimim" {protect, Dex+3}
 14144 | Slime:5  | Identified the +3 dagger of Cyott {drain, ^Fragile rN+
                  | Str+3}
 14145 | Slime:5  | Found a viscous altar of Jiyva.
 14145 | Slime:5  | Noticed a rockslime
 14145 | Slime:5  | Noticed an acid blob
 14146 | Slime:5  | Noticed an acid blob
 14146 | Slime:5  | Noticed a rockslime
 14147 | Slime:5  | Got a starry gem with 525 turns to spare
 14148 | Slime:5  | Noticed an acid blob
 14149 | Slime:5  | Got a slimy rune of Zot
 14151 | Slime:5  | Found the +3 crown of Dyrovepreva {rElec Int+2 SInv}
 14152 | Slime:5  | Noticed an acid blob
 14156 | Slime:5  | Noticed an acid blob
 14158 | Slime:5  | Got the Opusculum on the Kindled Anticline
 14163 | Slime:5  | Noticed an acid blob
 14191 | Slime:5  | Noticed an acid blob
 14199 | Slime:5  | Noticed an azure jelly
 14208 | Slime:5  | Noticed a rockslime
 14689 | D:11     | Lost mutation: You are somewhat resistant to further
                  | mutation. [Jiyva's grace]
 14689 | D:11     | Lost mutation: Armour fits poorly on your massive
                  | pseudopods. [Jiyva's grace]
 14689 | D:11     | Gained mutation: You are covered in fur. (AC +1) [Jiyva's
                  | grace]
 14689 | D:11     | Gained mutation: You are covered in thick fur. (AC +2)
                  | [Jiyva's grace]
 14689 | D:11     | Gained mutation: Your thick and shaggy fur keeps you warm.
                  | (AC +3, rC+) [Jiyva's grace]
 14689 | D:11     | Gained mutation: You have large cloven feet. [Jiyva's
                  | grace]
 15203 | D:12     | Found a sacrificial altar of Ru.
 15364 | D:12     | Found Udupugg's Weapon Shoppe.
 15796 | D:12     | Noticed Josephine
 15804 | D:12     | Killed Josephine
 15827 | D:13     | Noticed Urug
 15843 | D:13     | Killed Urug
 15844 | D:13     | Reached skill level 10 in Fighting
 15885 | D:13     | Lost mutation: Your thick and shaggy fur keeps you warm.
                  | (AC +3, rC+) [Jiyva's grace]
 15885 | D:13     | Lost mutation: You are covered in thick fur. (AC +2)
                  | [Jiyva's grace]
 15885 | D:13     | Lost mutation: Armour fits poorly on your large pseudopods.
                  | [Jiyva's grace]
 15885 | D:13     | Lost mutation: Your melee attacks may engulf your foes in
                  | ooze. [Jiyva's grace]
 15885 | D:13     | Gained mutation: Your melee attacks may engulf your foes in
                  | ooze. [Jiyva's grace]
 15885 | D:13     | Gained mutation: You are somewhat resistant to further
                  | mutation. [Jiyva's grace]
 15885 | D:13     | Gained mutation: You are somewhat resistant to both further
                  | mutation and mutation removal. [Jiyva's grace]
 15885 | D:13     | Gained mutation: You are almost entirely resistant to
                  | further mutation and mutation removal. [Jiyva's grace]
 15941 | D:13     | Found an iron altar of Okawaru.
 15955 | D:13     | Gained mutation: You may rarely emit foul miasma when
                  | damaged in melee. [demonic ancestry]
 15955 | D:13     | Reached XP level 15. HP: 115/115 MP: 25/25
 16012 | D:13     | Identified the +0 leather armour of Elystan {rC++}
 16162 | D:13     | Noticed Erolcha
 16167 | D:13     | Killed Erolcha
 16259 | D:13     | Reached skill level 1 in Shields
 16300 | D:13     | Found a gate to the Vaults.
 16731 | D:14     | Reached skill level 5 in Shields
 17111 | D:15     | Entered Level 15 of the Dungeon
 17127 | D:15     | Noticed a fire giant
 17136 | D:15     | Killed a fire giant
 17626 | D:15     | Found a staircase to the Depths.
 17981 | Swamp:1  | Entered Level 1 of the Swamp
 17981 | Swamp:1  | Noticed a fenstrider witch
 17984 | Swamp:1  | Killed a fenstrider witch
 18289 | Swamp:1  | Noticed a fenstrider witch
 18297 | Swamp:1  | Killed a fenstrider witch
 18299 | Swamp:1  | Reached skill level 10 in Fire Magic
 18525 | Swamp:1  | Gained mutation: Spells you cast may paralyse nearby
                  | enemies. [demonic ancestry]
 18525 | Swamp:1  | Reached XP level 16. HP: 40/122 MP: 3/26
 18609 | Swamp:1  | Lost mutation: You are almost entirely resistant to further
                  | mutation and mutation removal. [Jiyva's grace]
 18609 | Swamp:1  | Lost mutation: You are somewhat resistant to both further
                  | mutation and mutation removal. [Jiyva's grace]
 18609 | Swamp:1  | Lost mutation: You are somewhat resistant to further
                  | mutation. [Jiyva's grace]
 18609 | Swamp:1  | Lost mutation: Your system is resistant to poisons. (rPois)
                  | [Jiyva's grace]
 18609 | Swamp:1  | Lost mutation: You are covered in slimy tendrils that may
                  | disarm your opponents. [Jiyva's grace]
 18609 | Swamp:1  | Gained mutation: You have a small jelly attached to you
                  | that may absorb projectiles. [Jiyva's grace]
 18609 | Swamp:1  | Gained mutation: Your rubbery body absorbs attacks. (AC +1,
                  | EV +1) [Jiyva's grace]
 18609 | Swamp:1  | Gained mutation: Your pliable body absorbs attacks. (AC +2,
                  | EV +2) [Jiyva's grace]
 18609 | Swamp:1  | Gained mutation: Your gelatinous body deflects attacks. (AC
                  | +3, EV +3) [Jiyva's grace]
 19658 | Swamp:3  | Noticed Nikola
 19667 | Swamp:2  | Killed Nikola
 19769 | Swamp:3  | Noticed Mara
 19822 | Swamp:3  | Noticed SnakkuSnakku7's illusion
 19898 | Swamp:3  | Noticed SnakkuSnakku7's illusion
 19927 | Swamp:3  | Killed Mara
 20087 | Swamp:3  | Noticed a thorn hunter
 20139 | Swamp:3  | Noticed Roxanne
 20263 | Swamp:3  | Killed a thorn hunter
 20350 | Swamp:3  | Reached skill level 15 in Conjurations
 20708 | Swamp:3  | Killed Roxanne
 20756 | Swamp:4  | Entered Level 4 of the Swamp
 20793 | Swamp:4  | Learned a level 6 spell: Starburst
 20941 | Swamp:4  | Reached skill level 1 in Armour
 21024 | Swamp:4  | Lost mutation: You passively map the area around you.
                  | [Jiyva's grace]
 21024 | Swamp:4  | Lost mutation: You have a small jelly attached to you that
                  | may absorb projectiles. [Jiyva's grace]
 21024 | Swamp:4  | Lost mutation: You expend magic power (3 MP) to strengthen
                  | your wands. [Jiyva's grace]
 21024 | Swamp:4  | Gained mutation: Your muscles are strong. (Str +4, Int/Dex
                  | -1) [Jiyva's grace]
 21024 | Swamp:4  | Gained mutation: Your muscles are very strong. (Str +8,
                  | Int/Dex -2) [Jiyva's grace]
 21024 | Swamp:4  | Gained mutation: You passively map the area around you.
                  | [Jiyva's grace]
 21024 | Swamp:4  | Gained mutation: You passively map a large area around you.
                  | [Jiyva's grace]
 21415 | Swamp:4  | Gained mutation: You are completely covered in razor-sharp
                  | scales. (AC +3, Slay +3) [demonic ancestry]
 21415 | Swamp:4  | Reached XP level 17. HP: 124/128 MP: 19/27
 21436 | Swamp:4  | Reached skill level 5 in Armour
 21723 | Swamp:4  | Got a decaying rune of Zot
 21875 | Lair:2   | Upgraded the game from 0.31.0-2-g5a2aebc5c2 to
                  | 0.31.0-4-g52a2dc7128
 21946 | Snake:1  | Entered Level 1 of the Snake Pit
 22041 | Snake:1  | Got Huothoty's Notes on the Amassed Ground
 22192 | Snake:1  | Found Ydiadim's Distillery.
 22195 | Snake:1  | Found Saumy's Book Boutique.
 22195 | Snake:1  | Found Missar's Book Shop.
 22198 | Snake:1  | Found Ykkanomp's Magic Scroll Boutique.
 22200 | Snake:1  | Bought a potion of heal wounds for 75 gold pieces
 22200 | Snake:1  | Bought a potion of heal wounds for 75 gold pieces
 22200 | Snake:1  | Bought a potion of haste for 150 gold pieces
 22206 | Snake:1  | Bought a scroll of enchant armour for 135 gold pieces
 22206 | Snake:1  | Bought a scroll of teleportation for 54 gold pieces
 22756 | Snake:2  | Lost mutation: You passively map a large area around you.
                  | [Jiyva's grace]
 22756 | Snake:2  | Lost mutation: You are covered in fur. (AC +1) [Jiyva's
                  | grace]
 22756 | Snake:2  | Lost mutation: Your gelatinous body deflects attacks. (AC
                  | +3, EV +3) [Jiyva's grace]
 22756 | Snake:2  | Lost mutation: Your pliable body absorbs attacks. (AC +2,
                  | EV +2) [Jiyva's grace]
 22756 | Snake:2  | Lost mutation: Your melee attacks may engulf your foes in
                  | ooze. [Jiyva's grace]
 22756 | Snake:2  | Gained mutation: Your melee attacks may engulf your foes in
                  | ooze. [Jiyva's grace]
 22756 | Snake:2  | Gained mutation: Your spells are a little harder to cast,
                  | but a little more powerful. [Jiyva's grace]
 22756 | Snake:2  | Gained mutation: Your spells are harder to cast, but more
                  | powerful. [Jiyva's grace]
 22756 | Snake:2  | Gained mutation: Your spells are much harder to cast, but
                  | much more powerful. [Jiyva's grace]
 23275 | Snake:3  | Reached skill level 16 in Conjurations
 23547 | Snake:3  | Identified the +9 rapier "Killer Bee's Doom" {heavy,
                  | ^Fragile Fly rElec rF-}
 23565 | Snake:3  | Identified the +0 robe of the Unbearable Centaur {rF- rN+
                  | Int+3}
 23749 | Snake:4  | Entered Level 4 of the Snake Pit
 24091 | Snake:4  | Reached skill level 17 in Conjurations
 24142 | Snake:4  | Lost mutation: Your muscles are very strong. (Str +8,
                  | Int/Dex -2) [Jiyva's grace]
 24142 | Snake:4  | Lost mutation: Your spells are much harder to cast, but
                  | much more powerful. [Jiyva's grace]
 24142 | Snake:4  | Gained mutation: You have acidic saliva. [Jiyva's grace]
 24142 | Snake:4  | Gained mutation: Your system is resistant to poisons.
                  | (rPois) [Jiyva's grace]
 24142 | Snake:4  | Gained mutation: Your muscles are very strong. (Str +8,
                  | Int/Dex -2) [Jiyva's grace]
 24142 | Snake:4  | Gained mutation: You possess an exceptional clarity of
                  | mind. [Jiyva's grace]
 24177 | Snake:4  | Reached XP level 18. HP: 133/134 MP: 26/29
 24488 | Snake:4  | Reached skill level 18 in Conjurations
 24628 | Snake:4  | Got a serpentine rune of Zot
 24978 | Depths:1 | Entered Level 1 of the Depths
 25148 | Depths:1 | Found a shadowy altar of Dithmenos.
 25224 | Depths:1 | Noticed a lich
 25230 | Depths:1 | Killed a lich
 25303 | Depths:1 | Identified the +0 robe of Ashenzari's Envy {Fly Int+3}
 25315 | Depths:1 | Identified the +7 morningstar of Indomitability {freeze,
                  | Int-3 Dex+3}
 25621 | Depths:1 | HP: 5/134 [frost giant/bolt of cold (58)]
 25647 | Depths:1 | Reached skill level 10 in Spellcasting
 25674 | Depths:1 | Found a one-way gateway to a ziggurat.
 25984 | Depths:2 | Found a one-way gate leading to the halls of Pandemonium.
 26082 | Depths:2 | Noticed Asterion
 26090 | Depths:2 | Killed Asterion
 26182 | Depths:2 | Found a runed translucent door.
 26183 | Depths:2 | Noticed Xutext's ghost (adept DsAK)
 26205 | Depths:2 | Killed Xutext's ghost
 26247 | Depths:2 | Gained mutation: You sometimes emit foul miasma when
                  | damaged in melee. [demonic ancestry]
 26247 | Depths:2 | Reached XP level 19. HP: 124/136 MP: 12/34
 26253 | Depths:2 | Identified the amulet of the Hairy God {Reflect rN+ SH+5
                  | SInv Stlth+}
 26269 | Depths:2 | Got Yruretom's Directory of the Shadowy Flock
 26437 | Depths:2 | Reached skill level 5 in Dodging
 26817 | Depths:2 | Lost mutation: Your spells are harder to cast, but more
                  | powerful. [Jiyva's grace]
 26817 | Depths:2 | Lost mutation: Your spells are a little harder to cast, but
                  | a little more powerful. [Jiyva's grace]
 26817 | Depths:2 | Gained mutation: Your mind is acute. (Int +4, Str/Dex -1)
                  | [Jiyva's grace]
 26817 | Depths:2 | Gained mutation: Your mind is very acute. (Int +8, Str/Dex
                  | -2) [Jiyva's grace]
 26817 | Depths:2 | Gained mutation: You are covered in fur. (AC +1) [Jiyva's
                  | grace]
 26817 | Depths:2 | Gained mutation: You are covered in thick fur. (AC +2)
                  | [Jiyva's grace]
 26963 | Depths:3 | Noticed a golden dragon
 26975 | Depths:3 | Killed a golden dragon
 27225 | Depths:3 | Found Wighal's Assorted Antiques.
 27231 | Depths:3 | Bought a scroll of fog for 108 gold pieces
 27650 | Depths:3 | Learned a level 7 spell: Orb of Destruction
 27740 | Depths:3 | Found a one-way gate to the infinite horrors of the Abyss.
 27828 | Depths:3 | Noticed a golden dragon
 27828 | Depths:3 | Identified the staff "Diown" {*Slow rF+ rN+ Int+2 Fire}
 27840 | Depths:3 | Noticed a golden dragon
 27849 | Depths:3 | Slimified a golden dragon
 27849 | Depths:3 | a golden dragon changed into an acid blob
 28046 | Depths:4 | Entered Level 4 of the Depths
 28130 | Depths:4 | Gained mutation: You are robust. (+10% HP) [demonic
                  | ancestry]
 28130 | Depths:4 | Reached XP level 20. HP: 152/174 MP: 24/36
 28280 | Depths:4 | Noticed a bone dragon
 28296 | Depths:4 | Killed a bone dragon
 28387 | Depths:4 | Learned a level 5 spell: Borgnjor's Vile Clutch
 28544 | Depths:3 | Identified the +10 sling "Fegg" {flame, Int+2}
 28685 | Depths:3 | Killed a golden dragon
 28823 | Depths:4 | Found a gate to the Realm of Zot.
 28859 | Zot:1    | Entered Level 1 of the Realm of Zot
 28859 | Zot:1    | Noticed a dread lich
 28868 | Depths:4 | Killed a dread lich
 28946 | Zot:1    | Noticed an ancient lich
 29010 | Depths:3 | Noticed a juggernaut
 29018 | Depths:3 | Killed a juggernaut
 29170 | Depths:4 | Slimified an ancient lich
 29170 | Depths:4 | an ancient lich changed into an acid blob
 29854 | Zot:1    | Found the +4 dragonskin cloak
 29854 | Zot:1    | Noticed Tiamat
 29928 | Zot:1    | Slimified Tiamat
 29928 | Zot:1    | Tiamat changed into Tiamat the acid blob
 29928 | Zot:1    | Noticed Tiamat
 30046 | Zot:1    | Killed Tiamat the acid blob
 30309 | Zot:1    | Noticed a curse toe
 30319 | Zot:1    | Killed a curse toe
 30430 | Zot:1    | Reached skill level 19 in Conjurations
 30464 | Zot:1    | Noticed an ancient lich
 30469 | Zot:1    | Killed an ancient lich
 30470 | Zot:1    | Gained mutation: Spells you cast and wands you use may
                  | paralyse nearby enemies. [demonic ancestry]
 30470 | Zot:1    | Reached XP level 21. HP: 181/181 MP: 30/37
 30482 | Zot:1    | Noticed a golden dragon
 30492 | Zot:1    | Killed a golden dragon
 30511 | Zot:1    | Identified the ring of Vitegan {rN+ Str+8 Int-5}
 30760 | Zot:3    | Lost mutation: Your mind is very acute. (Int +8, Str/Dex
                  | -2) [Jiyva's grace]
 30760 | Zot:3    | Lost mutation: You passively map the area around you.
                  | [Jiyva's grace]
 30760 | Zot:3    | Gained mutation: You expend magic power (3 MP) to
                  | strengthen your wands. [Jiyva's grace]
 30760 | Zot:3    | Gained mutation: You have hidden genetic potential.
                  | [Jiyva's grace]
 30760 | Zot:3    | Gained mutation: You have great hidden genetic potential.
                  | [Jiyva's grace]
 30760 | Zot:3    | Gained mutation: Your translucent skin slightly reduces
                  | your foes' accuracy. (Stealth+) [Jiyva's grace]
 30914 | Zot:5    | Entered Level 5 of the Realm of Zot
 30922 | Zot:5    | Found a transporter.
 30931 | Zot:5    | Found a transporter.
 30950 | Zot:5    | Found a transporter.
 30958 | Zot:5    | Reached skill level 20 in Conjurations
 30964 | Zot:5    | Found a transporter.
 31097 | Zot:5    | Identified the +2 dagger of the Forest {freeze, rPois}
 31228 | Zot:5    | Noticed a golden dragon
 31248 | Zot:5    | Killed a golden dragon
 31413 | Zot:5    | Noticed a Killer Klown
 31422 | Zot:5    | Killed a Killer Klown
 31456 | Zot:5    | Noticed a golden dragon
 31467 | Zot:5    | Noticed an orb of fire
 31477 | Zot:5    | Noticed an ancient lich
 31541 | Zot:5    | Killed a golden dragon
 31542 | Zot:5    | Reached skill level 21 in Conjurations
 31542 | Zot:5    | Noticed a curse toe
 31554 | Zot:5    | Killed a curse toe
 31567 | Zot:5    | Killed an orb of fire
 31824 | Zot:5    | Was placed under penance by Jiyva
 32018 | Zot:4    | Was forgiven by Jiyva
 32186 | Zot:5    | Noticed an orb of fire
 32204 | Zot:5    | Gained mutation: Armour fits poorly on your strangely
                  | shaped body. [an orb of fire]
 32213 | Zot:5    | Gained mutation: You are clumsy. (Dex -2) [an orb of fire]
 32216 | Zot:5    | Killed an orb of fire
 32527 | Zot:5    | Reached skill level 22 in Conjurations
 32543 | Zot:5    | Noticed an orb of fire
 32547 | Zot:5    | Gained mutation: Your magical capacity is low. (-10% MP)
                  | [an orb of fire]
 32551 | Zot:5    | Gained mutation: Your magical capacity is very low. (-20%
                  | MP) [an orb of fire]
 32552 | Zot:5    | Killed an orb of fire
 32672 | Zot:5    | Slimified an ancient lich
 32672 | Zot:5    | an ancient lich changed into an acid blob
 32690 | Zot:5    | Got the Orb of Zot
 32694 | Zot:5    | Noticed a dread lich
 32694 | Zot:5    | Noticed an ancient lich
 32694 | Zot:5    | Noticed a golden dragon
 32694 | Zot:5    | Noticed an orb of fire
 32694 | Zot:5    | Lost mutation: You are clumsy. (Dex -2) [an orb of fire]
 32697 | Zot:5    | Lost mutation: You are covered in thick fur. (AC +2) [an
                  | orb of fire]
 32698 | Zot:5    | Gained mutation: You occasionally lose the ability to read
                  | scrolls when taking damage. [an orb of fire]
 32699 | Zot:5    | Noticed a Killer Klown
 32799 | Zot:3    | Noticed a curse toe
 32871 | Zot:1    | Slain by an Orb Guardian

Illustrated notes

Levels and vault maps discovered:
D:1:      lightli_arrival_chessboard, layout_loops_corners, serial_shops,
          nicolae_shop_tiny_statue_garden, serial_park_tiny_1
D:2:      layout_loops_ring, basic_altar,
          shapermc_ecumenical_altar_starsandcircs
D:3:      minmay_roachtagon, layout_rooms, lemuel_coloured_pillars_altar,
          serial_rivers, chequers_serial_rivers_micro_a,
          chequers_serial_rivers_large_b, chequers_serial_rivers_micro_e,
          chequers_serial_rivers_micro_a, chequers_serial_rivers_small_a
D:4:      minmay_diamond_boxcup, layout_cave_pools, serial_undead,
          serial_undead_d, serial_undead_f, serial_undead_e, serial_undead_a,
          serial_undead_f, serial_undead_a, kennysheep_nondescript,
          serial_library_regret_index_split_case, ebering_dispersal_statue_hall,
          minmay_ogre_servants
D:5:      layout_basic, good_gods_mini_temple, minmay_temple_entry_proselytizer,
          gammafunk_ghost_grave, uniq_sigmund
D:6:      layout_loops_ring, mainiacjoe_overflow_small_starburst,
          grunt_ministairs_14, abandoned_shop
D:7:      layout_gridville
D:8:      layout_basic
D:9:      layout_roguey, nicolae_overflow_hallway_of_the_gods, lair_entry_dummy,
          pf_guarded_unrand_meek, uniq_prince_ribbit1
D:10:     layout_basic, kennysheep_mini_moat, lemuel_round_altar,
          david_orc_1_choice, trove_entry_hex_spiral, serial_shops,
          nicolae_shop_back_alley_shop, chequers_guarded_unrand_ignorance
D:11:     layout_loops_ring
D:12:     layout_stronghold, serial_shops, shop,
          nicolae_ru_sacrificial_ziggurat, uniq_josephine
D:13:     layout_small_grid, ximxim_vaults_locker_room, okawaru_trees_2,
          uniq_erolcha, uniq_urug
D:14:     hangedman_cross_stitches, layout_cave_pools,
          nicolae_tso_swordbearing_angel
D:15:     hellmonk_depths_entry_around_the_bend, layout_long_grid
Lair:1:   regret_index_malice_mire, layout_hall_layers,
          nzn_masters_of_martial_movement
Lair:2:   layout_cave_pods, skrybe_swamp_entry_bodies
Lair:3:   layout_hall_layers, guppyfry_snake_entry_garden, serial_bayou,
          serial_bayou_pond_c, serial_bayou_lagoon_b, serial_bayou_shore_a,
          serial_bayou_pond_a, pdpol_lair_cabin_in_the_woods, uniq_nergalle
Lair:4:   layout_long_grid, cheibrodos_lair_caveside_slide, grunt_megastairs_1,
          infiniplex_staircase_pool_2
Lair:5:   evil_forest, layout_long_grid, slime_entry_1
Swamp:1:  nicolae_swamp_standing_stones, layout_basic_swamp,
          nicolae_swamp_reclaimed_castle
Swamp:2:  layout_basic_swamp, evilmike_swamp_ruin_house_6,
          nicolae_swamp_baby_hydras
Swamp:3:  layout_basic_swamp, evilmike_swamp_ruin_house_5, swamp_pool_1_2,
          nzn_swamp_blast_mining, uniq_roxanne, uniq_mara, uniq_nikola
Swamp:4:  swamp_basic_johnstein, layout_basic_swamp, swamp_pool_3
Snake:1:  layout_honeycomb, drop_trap, minmay_shoptagon
Snake:2:  layout_onion
Snake:3:  layout_concentric_octagons
Snake:4:  grunt_snake_rune_pools, layout_basic, grunt_megastairs_5
Slime:1:  nicolae_slime_pool, layout_caves
Slime:2:  layout_caves
Slime:3:  layout_caves
Slime:4:  layout_caves, dissolution_awaits
Slime:5:  slime_pit_nicolae_amoeboid
Orc:1:    layout_caves, serial_shops, nicolae_shop_window_shopping,
          bh_open_orc_temple, uniq_erica
Orc:2:    kennysheep_orc_mage_school, layout_caves, basic_altar,
          nicolae_orc_quarried_blocks, uniq_nessos
Depths:1: layout_gridlike, enter_ziggurat_a,
          serial_library_regret_index_small_wings, hangedman_tar_grid_catacomb,
          st_stairs_3, grunt_dithmenos_smoke_and_mirrors, serial_bayou_shore_b
Depths:2: grunt_double_whammy, layout_cave_shapes,
          chequers_serial_rivers_small_b, lightli_too_deep,
          muffindrake_ghost_dead_mans_drink, rand_demon_pan_entry_7,
          infiniplex_staircase_zigzag_1, uniq_asterion
Depths:3: minmay_octagon_city, layout_cave_shapes, hellmouth_1, glass_columns_b,
          serial_shops, shop, abyss_entry, infiniplex_staircase_spiral_double
Depths:4: evilmike_zot_entry_argh, layout_gridlike, serial_shops,
          nicolae_shop_peninsula, pf_coc_iceberg,
          nicolae_elyvilon_peaceful_grove, nrook_pool_corridor
Zot:1:    hellmonk_crystal_mountain, layout_gridville,
          regret_index_zotdec_under_construction, nzn_random_ring, uniq_vv,
          uniq_tiamat
Zot:2:    layout_onion_interference
Zot:3:    layout_twisted_circle, regret_index_zotdec_twisting_globes
Zot:4:    layout_gridlike, regret_index_zotdec_decaying_basic
Zot:5:    layout_misc_corridors, nicolae_transporter_intersection

Skill      XL: |  1  2  3  4  5  6  7  8  9 10 11 12 13 14 15 16 17 18 19 20 21 |
---------------+----------------------------------------------------------------+-----
Alchemy        | 4 5 6 8 9 |  9.0
Spellcasting   | 4 7 11 12 | 12.0
Fighting       | 1 4 10 14 | 14.0
Air Magic      | 2 8 10 11 | 11.3
Conjurations   | 5 10 12 14 15 17 18 19 22 | 22.3
Fire Magic     | 3 7 10 13 | 13.0
Earth Magic    | 6 10 14 | 14.0
Shields        | 7 |  7.9
Armour         | 4 8 9 |  9.8
Dodging        | 4 8 |  8.0
Stealth        | |  1.7

Action                     |  1- 3 |  4- 6 |  7- 9 | 10-12 | 13-15 | 16-18 | 19-21 || total
---------------------------+-------+-------+-------+-------+-------+-------+-------++-------
  Melee: Club              |    35 |       |       |       |       |       |       ||    35
         Unarmed           |     1 |       |       |       |       |       |       ||     1
         Short sword       |    27 |   199 |   241 |       |       |       |       ||   467
         Punch             |       |     5 |     4 |     1 |     5 |     1 |       ||    16
         Hand axe          |       |       |    91 |    41 |       |       |       ||   132
         Whip              |       |       |    12 |       |       |       |       ||    12
         Quarterstaff      |       |       |       |   116 |       |       |       ||   116
         Staff             |       |       |       |    24 |   275 |   114 |   111 ||   524
         Pseudopods        |       |       |       |       |    47 |    34 |    28 ||   109
         Bite              |       |       |       |       |       |     6 |    25 ||    31
  Throw: Throwing net      |       |       |       |       |       |     1 |       ||     1
   Cast: Sting             |    51 |    46 |    60 |       |       |       |       ||   157
         Mercury Vapours   |     2 |     3 |    10 |     4 |       |       |     1 ||    20
         Olgreb's Toxic Ra |       |       |    26 |   121 |   146 |     1 |       ||   294
         Arcjolt           |       |       |       |    16 |   221 |    32 |     2 ||   271
         Bombard           |       |       |       |       |    52 |   155 |   324 ||   531
         Starburst         |       |       |       |       |       |   277 |   320 ||   597
         Orb of Destructio |       |       |       |       |       |       |    16 ||    16
         Borgnjor's Vile C |       |       |       |       |       |       |     3 ||     3
 Invoke: Slimify           |       |       |       |     1 |       |       |     8 ||     9
Ability: Evoke Invisibilit |       |       |       |       |       |       |     1 ||     1
  Evoke: Wand              |       |       |    12 |    15 |     3 |     5 |       ||    35
    Use: Scroll            |       |       |       |    11 |    12 |    15 |    16 ||    54
         Potion            |       |       |       |       |     4 |     4 |    11 ||    19
   Stab: Sleeping          |     4 |     1 |     1 |       |     2 |       |       ||     8
         Distracted        |       |       |     1 |       |       |       |       ||     1
         Paralysed         |       |       |       |     6 |    45 |    21 |    11 ||    83
         Invisible         |       |       |       |       |       |     1 |     1 ||     2
 Armour: Robe              |    55 |    18 |       |       |       |       |       ||    73
         Ring mail         |       |   173 |   356 |   281 |   650 |   519 |   664 ||  2643
  Dodge: Dodged            |    52 |   138 |   221 |   170 |   269 |   215 |   382 ||  1447
  Block: Kite shield       |       |       |       |       |    41 |       |       ||    41
         Buckler           |       |       |       |       |       |   132 |   180 ||   312
